 Dungeon Crawl Stone Soup version 0.25.0-37-gb73750e0fb (webtiles) character file.

Game seed: 18220928798942994288

550 DRShiny the Covert (level 7, 0/41 HPs)
             Began as a Vampire Assassin on July 8, 2020.
             Slain by a centaur (3 damage)
             ... on level 5 of the Dungeon.
             The game lasted 00:28:54 (5588 turns).

DRShiny the Covert (Vampire Assassin)               Turns: 5588, Time: 00:28:54

Health: 0/41       AC:  3    Str: 10    XL:     7   Next: 7%
Magic:  7/7        EV: 14    Int: 13    God:
Gold:   329        SH:  0    Dex: 18    Spells: 6/6 levels left

rFire    . . .     SeeInvis +   B - +2 dagger (venom)
rCold    + + .     Gourm    .   (no shield)
rNeg     + + +     Faith    .   w - +0 robe
rPois    ∞         Spirit   .   (no helmet)
rElec    .         Reflect  .   c - +0 cloak
rCorr    .         Harm     .   (no gloves)
MR       .....                  (no boots)
Stlth    ++++++....             (no amulet)
HPRegen  0.00/turn              y - ring of poison resistance
MPRegen  0.10/turn              (no ring)

@: marked, bloodless
A: no food, fangs 3, see invisible, unbreathing
a: Bat Form, Revivify


You were on level 5 of the Dungeon.
You were bloodless.

You visited 1 branch of the dungeon, and saw 5 of its levels.

You collected 329 gold pieces.

Inventory:

Hand Weapons
 a - a +2 dagger
 B - a +2 dagger of venom (weapon)
Missiles
 d - 8 poisoned darts (quivered)
 e - 2 curare-tipped darts
 f - 197 stones
 j - 65 arrows
 m - 26 bolts
Armour
 c - a +0 cloak (worn)
 w - a +0 robe (worn)
Jewellery
 i - an uncursed ring of ice
 y - a ring of poison resistance (left hand)
Wands
 o - a wand of flame (15)
 z - a wand of clouds (4)
 C - a wand of iceblast (7)
Scrolls
 b - 3 scrolls of amnesia
 k - 2 scrolls of identify
 l - a scroll of noise {unknown}
 r - 3 scrolls of remove curse {unknown}
 s - a scroll of fear {unknown}
 v - a scroll of fog {unknown}
 x - 2 scrolls of teleportation {unknown}
Potions
 g - 2 potions of curing {unknown}
 h - a potion of stabbing {unknown}
 n - a potion of degeneration {unknown}
 q - a potion of mutation {unknown}
 t - a potion of magic {unknown}
 u - a potion of cancellation {unknown}
 A - 4 potions of heal wounds {unknown}
Comestibles
 p - 10 rations


   Skills:
 + Level 3.2 Fighting
 * Level 5.2 Short Blades
 - Level 1.5 Throwing
 + Level 3.3 Dodging
 * Level 9.0 Stealth


You had 6 spell levels left.
You didn't know any spells.
Your spell library contained the following spells:

 Spells                   Type           Power        Failure   Level  Hunger
 Beastly Appendage        Tmut           #.....       30%         1    N/A
 Sticks to Snakes         Tmut           #.......     43%         2    N/A
 Spider Form              Tmut/Pois      #.........   67%         3    N/A
 Ice Form                 Ice/Tmut       #.......     97%         4    N/A
 Blade Hands              Tmut           #.........   100%        5    N/A

Dungeon Overview and Level Annotations

Branches:
Dungeon (5/15)
 Temple: D:4-7

Altars:
Nemelex Xobeh
Uskayaw
Vehumet

Shops:
D:4 =


Innate Abilities, Weirdness & Mutations

You do not eat.
You do not regenerate when monsters are visible.
You are frail without blood (-20% HP).
You can heal yourself when you bite living creatures.
You are immune to poison.
You have razor-sharp teeth.
You have supernaturally acute eyesight. (SInv)
You can survive without breathing.


Message History

You stick the quokka skeleton like a pincushion!!!
You destroy the quokka skeleton!
You set off the alarm!
A sentinel's mark forms upon you.
You hear a shout! x5
x - 2 scrolls labeled RYTWOU RANK (gained 1)
A centaur comes into view.
A centaur is nearby!
The centaur wields a +0 shortbow.
The centaur shoots an arrow.
The arrow hits you!
The centaur shoots an arrow.
The arrow hits you.
You see here 2 arrows.
The centaur shoots an arrow.
The arrow hits you!
* * * LOW HITPOINT WARNING * * *
You see here an arrow.
The centaur shoots an arrow.
The arrow hits you.
* * * LOW HITPOINT WARNING * * *
You see here an arrow.
The centaur unwields a +0 shortbow.
The centaur completely misses you. The centaur hits you.
You die...

...........#
#.....#..#
#..........
#.......##
#.........#
#......##
#.........# #.....##
#.........# ##..###
#........####..##
#.......###..###
##............#
####(((@c..##....#
###.......######...#
#....###### ##.....
###### #....# ##..#
#.. #.


You could see a centaur.

Vanquished Creatures
  A water moccasin (D:4)
  An orc priest (D:4)
  2 bullfrog skeletons (D:4)
  3 iguanas (D:4)
  3 orc wizards (D:4)
  A worker ant (D:2)
  4 adders
  2 river rats (D:4)
  2 oozes
  3 dart slugs
  A worm (D:2)
  4 leopard geckos
  4 orcs (D:3)
  2 bats
  4 giant cockroaches
  19 goblins
  12 hobgoblins
  11 jackals
  A quokka (D:3)
  4 frilled lizards
  10 kobolds
  A quokka skeleton (D:5)
  16 rats
111 creatures vanquished.

Notes
Turn   | Place    | Note
-------+----------+-------------------------------------------
     0 | D:1      | DRShiny the Vampire Assassin began the quest for the Orb.
     0 | D:1      | Reached XP level 1. HP: 16/16 MP: 1/1
   181 | D:1      | Reached skill level 6 in Stealth
   212 | D:1      | Reached XP level 2. HP: 16/17 MP: 2/2
   921 | D:2      | Reached XP level 3. HP: 21/21 MP: 3/3
  1494 | D:2      | Reached XP level 4. HP: 26/26 MP: 4/4
  1953 | D:2      | Reached skill level 7 in Stealth
  2806 | D:3      | You fall into a shaft and drop 1 floor!
  3350 | D:3      | Reached XP level 5. HP: 30/31 MP: 5/5
  4110 | D:4      | Reached skill level 8 in Stealth
  4123 | D:4      | Reached XP level 6. HP: 12/36 MP: 6/6
  4368 | D:4      | Found a radiant altar of Vehumet.
  4481 | D:4      | Found a hide-covered altar of Uskayaw.
  4538 | D:4      | Found a sparkling altar of Nemelex Xobeh.
  4818 | D:4      | Noticed a water moccasin
  4849 | D:4      | Killed a water moccasin
  5087 | D:4      | Reached skill level 5 in Short Blades
  5157 | D:4      | Reached skill level 9 in Stealth
  5157 | D:4      | Reached XP level 7. HP: 36/41 MP: 7/7
  5216 | D:4      | Found Poczezue's Jewellery Shoppe.
  5451 | D:5      | Entered Level 5 of the Dungeon
  5588 | D:5      | Slain by a centaur

Illustrated notes

Levels and vault maps discovered:
D:1:      minmay_arrival_shattered_statue, layout_rooms
D:2:      minmay_recursive_quarters, layout_basic, first_ration,
          minmay_quadrilaterals
D:3:      cheibrodos_greedy_goblins, layout_basic
D:4:      layout_cave_pools, vehumet_altar_wand_db,
          nicolae_overflow_hidden_temple, serial_shops, shop,
          gup_sewer_entry_bubbles, minmay_misc_feat_tiny,
          nemelex_spade_bored_becter
D:5:      layout_cave_pods, okawaru_metal_pillars_1_2

Skill      XL: |  1  2  3  4  5  6 |
---------------+-------------------+-----
Stealth        | 6 7 8 9 |  9.0
Fighting       | 2 3 |  3.2
Short Blades   | 3 4 5 |  5.2
Dodging        | 2 3 |  3.3
Throwing       | |  1.5

Action                   |  1- 3 |  4- 6 |  7- 9 || total
-------------------------+-------+-------+-------++-------
Melee: Dagger            |    69 |   231 |     3 ||   303
       Bite              |     6 |    19 |       ||    25
       Unarmed           |       |    14 |       ||    14
 Abil: Exsanguinate      |     1 |       |       ||     1
       End Transformatio |       |     1 |       ||     1
       Bat Form          |       |     1 |       ||     1
  Use: Scroll            |     4 |     2 |       ||     6
       Potion            |       |     2 |       ||     2
 Stab: Sleeping          |    14 |    19 |     3 ||    36
       Distracted        |       |     3 |       ||     3
Armor: Robe              |     9 |    37 |       ||    46
Dodge: Dodged            |    23 |   154 |     1 ||   178
